 Dungeon Crawl Stone Soup version 0.29-a0-789-g7a8fcbc185 (webtiles) character file.

Game seed: 6722115315599485193

4387 polve the Schismatic (level 10, -1/80 HPs)
             Began as a Demonspawn Abyssal Knight on July 2, 2022.
             Was an Elder of Lugonu.
             Slain by an orc warrior
             ... wielding a +0 mace
              (8 damage)
             ... on level 9 of the Dungeon.
             The game lasted 00:11:48 (12346 turns).

polve the Schismatic (Demonspawn Abyssal Knight)   Turns: 12346, Time: 00:11:48

Health: -1/80      AC: 15    Str: 18    XL:     10   Next: 13%
Magic:  16/16      EV:  9    Int: 12    God:    Lugonu [****..]
Gold:   605        SH:  0    Dex: 13    Spells: 9/9 levels left

rFire   . . .      SeeInvis .   a - +0 rapier
rCold   . . .      Faith    .   (no shield)
rNeg    + . .      Spirit   .   h - +0 chain mail
rPois   .          Reflect  .   (helmet restricted)
rElec   .          Harm     .   x - +0 cloak
rCorr   .          Rampage  .   E - +0 pair of gloves {Stlth+}
Will    +....                   t - +0 pair of boots
Stlth   ..........              (no amulet)
HPRegen 0.23/turn               f - ring of willpower
MPRegen 0.15/turn               v - ring of positive energy

@: no status effects
A: horns 1, molten scales 1, demonic guardian 2, spiny 1
a: Renounce Religion, Depart the Abyss, Bend Space, Banish, Corrupt


You were on level 9 of the Dungeon.
You worshipped Lugonu.
Lugonu was greatly pleased with you.
You visited 1 branch of the dungeon, and saw 9 of its levels.
You visited the Abyss 1 time.

You collected 605 gold pieces.

Inventory:

Hand Weapons
 a - a +0 rapier (weapon)
Missiles
 i - 3 throwing nets
Armour
 h - a +0 chain mail (worn)
 t - a +0 pair of boots (worn)
 x - a +0 cloak (worn)
 E - a +0 pair of gloves of stealth (worn)
Jewellery
 f - a ring of willpower (left hand)
 v - a ring of positive energy (right hand)
Wands
 s - a wand of roots (1)
 y - a wand of light (9)
 B - a wand of flame (19)
 K - a wand of charming (7)
Scrolls
 b - a scroll of immolation {unknown}
 c - a scroll of noise {unknown}
 d - 3 scrolls of blinking
 e - a scroll of fear {unknown}
 g - 3 scrolls of identify
 k - 5 scrolls of teleportation
 w - a scroll of enchant weapon {unknown}
 A - 2 scrolls of torment
 D - 2 scrolls of magic mapping {unknown}
 F - a scroll of fog {unknown}
 G - a scroll of amnesia {unknown}
 H - a scroll of brand weapon {unknown}
 J - a scroll of vulnerability {unknown}
Potions
 j - 2 potions of brilliance
 l - a potion of might {unknown}
 m - 2 potions of curing
 n - 2 potions of degeneration {unknown}
 o - 2 potions of haste
 p - 4 potions of mutation
 q - a potion of invisibility {unknown}
 r - a potion of resistance {unknown}
 u - 2 potions of heal wounds
 z - 2 potions of flight {unknown}
 C - a potion of attraction {unknown}
 I - a potion of berserk rage
 L - a potion of ambrosia {unknown}


   Skills:
 - Level 8.0 Fighting
 + Level 6.0 Short Blades
 - Level 6.0 Armour
 - Level 6.0 Dodging
 - Level 9.0 Invocations


You had 9 spell levels left.
You didn't know any spells.
Your spell library contained the following spells:

 Spells                   Type           Power      Damage    Failure   Level
 Sublimation of Blood     Necr           0%         N/A       99%         2
 Wereblood                Tmut           0%         N/A       99%         2
 Dazzling Flash           Conj/Hex       0%         N/A       100%        3
 Iskenderun's Mystic Bla  Conj/Tloc      0%         2d3       100%        4
 Starburst                Conj/Fire      0%         6d3       100%        6
 Summon Hydra             Summ           0%         N/A       100%        7


Dungeon Overview and Level Annotations

Branches:
Dungeon (9/15)             Temple (0/1) D:6            Lair (0/6) D:8
    Orc: D:9-12

Altars:
Dithmenos
Gozag
Okawaru
Qazlal
Ru
Vehumet

Shops:
D:4 ?


Innate Abilities, Weirdness & Mutations

You have a pair of small horns on your head.
You are partially covered in molten scales. (AC +2)
A demonic guardian rushes to your aid.
You are partially covered in sharp spines.


Message History

The orc warrior hits you but does no damage.
You closely miss the orc warrior.
The orc warrior is lightly wounded.
The orc warrior hits you from afar with a +0 trident.
The orc warrior is struck by your spines.
The orc warrior hits you with a +0 mace.
You barely miss the orc warrior. Your headbutt misses the orc warrior.
You punch the orc warrior, but do no damage.
The orc warrior is lightly wounded.
Your sixfirhy disappears in a puff of smoke!
The orc warrior hits you from afar with a +0 trident!
The orc warrior hits you with a +0 mace.
You hit the orc warrior but do no damage.
You headbutt the orc warrior, but do no damage.
The orc warrior is lightly wounded.
The orc warrior hits you with a +0 mace!
The orc warrior hits you from afar with a +0 trident!
* * * LOW HITPOINT WARNING * * *
You hit the orc warrior.
The orc warrior is moderately wounded.
The orc warrior barely misses you.
The orc warrior hits you with a +0 mace!
* * * LOW HITPOINT WARNING * * *
A demonic guardian appears!
The orc warrior hits your orange demon with a +0 trident!
Your orange demon stings the orc warrior.
Your orange demon barely misses the orc warrior.
The orc warrior attacks as you move away!
The orc warrior is struck by your spines.
The orc warrior hits you but does no damage.
The orc warrior hits your orange demon with a +0 trident!!
Your orange demon barely misses the orc warrior.
Your orange demon hits the orc warrior but does no damage.
The orc warrior attacks as you move away!
The orc warrior hits you but does no damage.
Your orange demon stings the orc warrior.
Your orange demon closely misses the orc warrior.
The orc warrior attacks as you move away!
The orc warrior hits you with a +0 mace!
You die...

#.# #.#
#|# #.#
#.# #.#
#.#####
#....)#
#####@#
#o# #.#
#.# #o#
.4#
...#
...#.
##.# .


You could see 2 orc warriors and a friendly orange demon (summoned).

Vanquished Creatures
  2 wyverns (D:9)
  Eustachio (D:6)
  3 yaks (D:7)
  A sky beast (D:7)
  2 ice beasts
  2 black bears (D:7)
  An orc warrior (D:8)
  5 centaurs
  An ogre (D:5)
  A phantom (D:5)
  A kobold brigand (D:7)
  4 bullfrogs
  2 necrophages
  5 scorpions
  A howler monkey (D:5)
  3 jellies
  2 boudas
  6 hounds
  An orc priest (D:7)
  Crazy Yiuf (D:5)
  2 iguanas
  2 orc wizards
  12 gnolls
  8 adders
  2 worms
  3 dart slugs
  16 orcs
  7 endoplasms
  A giant cockroach (D:4)
  3 goblins
  6 hobgoblins
  2 quokkas (D:1)
  5 ball pythons
  5 bats
  3 frilled lizards
  8 kobolds
  6 rats
136 creatures vanquished.

Vanquished Creatures (collateral kills)
  A komodo dragon (D:7)
  A yak (D:7)
  An orc warrior (D:9)
  A black bear (D:6)
  An ice beast (D:7)
  An ogre (D:6)
  Blork the orc (D:5)
  An orc wizard (D:7)
  A gnoll (D:4)
  A worm (D:2)
10 creatures vanquished.

Vanquished Creatures (others)
  7 fungi (D:8)
  5 plants (D:8)
12 creatures vanquished.

Grand Total: 158 creatures vanquished

Notes
Turn   | Place    | Note
-------+----------+-------------------------------------------
     0 | Abyss:1  | polve the Demonspawn Abyssal Knight began the quest for the
                  | Orb.
     0 | Abyss:1  | Reached XP level 1. HP: 18/18 MP: 2/2
   150 | Abyss:1  | Noticed a neqoxec
   151 | D:1      | Escaped the Abyss
   530 | D:1      | Found a faded altar of an unknown god.
   543 | D:1      | You fall into a shaft and drop 1 floor!
   858 | D:2      | Reached ** piety under Lugonu
   863 | D:2      | Gained mutation: A weak demonic guardian rushes to your
                  | aid. [demonic ancestry]
   863 | D:2      | Reached XP level 2. HP: 21/24 MP: 3/3
  2615 | D:3      | Gained mutation: You have a pair of small horns on your
                  | head. [demonic ancestry]
  2615 | D:3      | Reached XP level 3. HP: 29/29 MP: 4/4
  3596 | D:4      | Found Nuclof's Magic Scroll Shoppe.
  3745 | D:4      | Reached skill level 3 in Invocations
  3745 | D:4      | Gained mutation: You are partially covered in molten
                  | scales. (AC +2) [demonic ancestry]
  3745 | D:4      | Reached XP level 4. HP: 8/35 MP: 4/6
  4039 | D:4      | Reached skill level 4 in Invocations
  4039 | D:4      | Gained mutation: You are partially covered in sharp spines.
                  | [demonic ancestry]
  4039 | D:4      | Reached XP level 5. HP: 41/41 MP: 6/8
  4069 | D:4      | Reached skill level 5 in Invocations
  4434 | D:4      | Reached skill level 6 in Invocations
  4833 | D:4      | Gained mutation: A demonic guardian rushes to your aid.
                  | [demonic ancestry]
  4833 | D:4      | Reached XP level 6. HP: 43/47 MP: 9/11
  5108 | D:4      | Reached skill level 7 in Invocations
  5270 | D:4      | Reached *** piety under Lugonu
  5560 | D:5      | Entered Level 5 of the Dungeon
  5573 | D:5      | Reached skill level 8 in Invocations
  5740 | D:5      | Reached XP level 7. HP: 44/52 MP: 13/13
  5865 | D:5      | Reached skill level 9 in Invocations
  6221 | D:5      | Found a runed translucent door.
  6221 | D:5      | Noticed Blork the orc
  6233 | D:5      | Killed Blork the orc
  6234 | D:5      | Reached skill level 5 in Fighting
  6484 | D:5      | Noticed Crazy Yiuf
  7116 | D:5      | Reached XP level 8. HP: 60/64 MP: 14/14
  7722 | D:5      | Killed Crazy Yiuf
  7857 | D:6      | Noticed Eustachio
  7874 | D:6      | Killed Eustachio
  8071 | D:6      | Found a radiant altar of Vehumet.
  8707 | D:6      | Found a staircase to the Ecumenical Temple.
  9068 | D:6      | Found a sacrificial altar of Ru.
  9070 | D:6      | Found an opulent altar of Gozag.
  9070 | D:6      | Found an iron altar of Okawaru.
  9070 | D:6      | Found a stormy altar of Qazlal.
  9072 | D:6      | Identified the +0 robe of Sorcery {Will+ Int+4}
  9182 | D:7      | Found a shadowy altar of Dithmenos.
  9183 | D:7      | Reached XP level 9. HP: 38/74 MP: 15/15
  9363 | D:7      | Reached skill level 5 in Armour
  9440 | D:7      | Reached **** piety under Lugonu
  9743 | D:7      | Reached skill level 1 in Dodging
 10419 | D:8      | Noticed a komodo dragon
 10438 | D:7      | Killed a komodo dragon
 10784 | D:7      | Reached skill level 5 in Dodging
 11283 | D:8      | Reached skill level 5 in Short Blades
 11378 | D:8      | Reached XP level 10. HP: 64/80 MP: 16/16
 11450 | D:8      | Found a staircase to the Lair.
 12346 | D:9      | Slain by an orc warrior

Illustrated notes

Levels and vault maps discovered:
D:1:      pf_arrival_petrified_forest, layout_basic,
          chequers_ecumenical_altar_island
D:2:      layout_basic, kennysheep_generic_room_6
D:3:      layout_basic, serial_bayou_pond_b
D:4:      layout_layer_cave, serial_shops, shop, kennysheep_generic_room_8
D:5:      layout_gridville, grunt_decor_resistance, kennysheep_potato,
          uniq_crazy_yiuf_cottage, uniq_blork_the_orc
D:6:      layout_loops_corners, grunt_temple_overflow_open,
          vehumet_altar_wand_db, minmay_temple_entry_trees, uniq_eustachio
D:7:      layout_gridville, nicolae_dithmenos_through_a_glass_darkly,
          kennysheep_generic_room_7
D:8:      layout_rooms, grunt_lair_entry_orc_guard_hut, lemuel_flamethrower_1
D:9:      layout_loops_ring, david_orc_1_choice, serial_shops,
          kennysheep_mini_moat, st_stairs_1

Skill      XL: |  1  2  3  4  5  6  7  8  9 10 |
---------------+-------------------------------+-----
Short Blades   | 2 3 4 5 6 |  6.0
Invocations    | 3 4 6 8 9 |  9.0
Fighting       | 6 8 |  8.0
Armour         | 4 6 |  6.0
Dodging        | 6 |  6.0

Action                   |  1- 3 |  4- 6 |  7- 9 | 10-12 || total
-------------------------+-------+-------+-------+-------++-------
Melee: Short sword       |   151 |    85 |    98 |       ||   334
       Headbutt          |    12 |    22 |    67 |    11 ||   112
       Punch             |     1 |     4 |     3 |     2 ||    10
       Unarmed           |       |     8 |       |       ||     8
       Rapier            |       |       |   193 |    39 ||   232
Invok: Depart the Abyss  |     1 |       |       |       ||     1
       Bend Space        |       |       |    10 |       ||    10
  Use: Potion            |       |     2 |     3 |       ||     5
       Scroll            |       |       |     5 |       ||     5
Armor: Chain mail        |   103 |    46 |   181 |    25 ||   355
       Leather armour    |     5 |       |       |       ||     5
       Skin              |       |    13 |       |       ||    13
Dodge: Dodged            |    57 |    22 |   130 |    19 ||   228

Table legend: (Time is in decaauts)
 A = Elapsed time spent in this place.
 B = Non-inter-level travel time spent in this place.
 C = Inter-level travel time spent in this place.
 D = Time resting spent in this place.
 E = Time spent auto-exploring this place.
 F = Levels seen in this place.
 G = Mean time per level.
                   A        B        C        D        E       F      G
               +--------+--------+--------+--------+--------+-----+--------+
         Total |  12316 |  12074 |    242 |    153 |  10621 |  10 | 1231.6 |
       Dungeon |  12165 |  11923 |    242 |    153 |  10471 |   9 | 1351.7 |
         Abyss |    151 |    151 |      0 |      0 |    150 |   1 |  151.0 |
               +--------+--------+--------+--------+--------+-----+--------+

Top non-repeatable levels by time:
     D:5: 2270 daAuts
     D:4: 2040 daAuts
     D:7: 1713 daAuts
     D:6: 1532 daAuts
     D:2: 1447 daAuts
     D:1: 1003 daAuts
     D:3: 913 daAuts
     D:8: 859 daAuts
     D:9: 384 daAuts
 Abyss:1: 151 daAuts
